 Dungeon Crawl Stone Soup version 0.28.0-45-g0d030f2227 (webtiles) character file.

Game seed: 9777919005551927485

46 safid the Skirmisher (level 3, -2/33 HPs)
             Began as a Hill Orc Fighter on Apr 10, 2022.
             Slain by Sigmund
             ... wielding a +1 scythe of venom
              (3 damage)
             ... on level 2 of the Dungeon.
             The game lasted 00:01:45 (1603 turns).

safid the Skirmisher (Hill Orc Fighter)             Turns: 1603, Time: 00:01:45

Health: -2/33      AC:  8    Str: 20    XL:     3   Next: 68%
Magic:  3/3        EV:  9    Int:  8    God:
Gold:   83         SH:  4    Dex: 10    Spells: 2/2 levels left

rFire   . . .      SeeInvis .   a - +0 war axe
rCold   . . .      Faith    .   c - +0 buckler
rNeg    . . .      Spirit   .   b - +0 scale mail
rPois   .          Reflect  .   (no helmet)
rElec   .          Harm     .   h - +0 cloak
rCorr   .          Rampage  .   (no gloves)
Will    .....                   (no boots)
Stlth   ..........              (no amulet)
HPRegen 0.11/turn               (no ring)
MPRegen 0.08/turn               (no ring)

@: mighty, lethally poisoned (-2 -> -8)
A: no striking features
a: no special abilities


You were on level 2 of the Dungeon.
You visited 1 branch of the dungeon, and saw 2 of its levels.

You collected 83 gold pieces.

Inventory:

Hand Weapons
 a - a +0 war axe (weapon)
Armour
 b - a +0 scale mail (worn)
 c - a +0 buckler (worn)
 h - a +0 cloak (worn)
Scrolls
 f - 3 scrolls of identify {unknown}
Potions
 e - a potion of brilliance
 g - a potion of heal wounds {unknown}


   Skills:
 - Level 4.0 Fighting
 + Level 3.5 Axes
 + Level 3.8 Armour
 + Level 3.8 Shields


You had 2 spell levels left.
You didn't know any spells.
Your spell library was empty.

Dungeon Overview and Level Annotations

Branches:
Dungeon (2/15)

Altars:

Annotations:
D:2 Sigmund


Message History

g - a silvery potion Search for what [? for help]? cloak You see here a +0 cloak.
h - a +0 cloak You start putting on your armour.
You continue putting on your +0 cloak. x4
You finish putting on your +0 cloak.
Sigmund the Dreaded comes into view.
He is wielding a +1 scythe of venom.
Sigmund shouts!
Sigmund is nearby!
You feel very mighty all of a sudden. Sigmund gestures at you while chanting.
You are confused.
You bump into the rock wall.
You bump into the rock wall.
Sigmund hits you with a +1 scythe of venom.
You are poisoned.
You miss Sigmund.
You feel very sick.
Sigmund hits you with a +1 scythe of venom.
You are more poisoned.
You slash Sigmund!
Sigmund is heavily wounded.
You feel very sick.
Sigmund says, "You will soon forget everything."
Sigmund casts a spell at you. The magic dart hits you.
You slash Sigmund!
Sigmund is severely wounded.
You feel less confused.
* * * LOW HITPOINT WARNING * * *
You feel very sick. Sigmund casts a spell at you. The puff of flame hits you.
* * * LOW HITPOINT WARNING * * *
You closely miss Sigmund.
Sigmund is severely wounded.
* * * LOW HITPOINT WARNING * * *
You feel very sick.
Sigmund hits you with a +1 scythe of venom.
You die...

...........................÷.....
#..........##.##.######...#......
#..........##.##.# #...#.#####
#########.###.##.######.#.....#
#..##...........#.._#.###
##.#####.######.....<....
######.# #.# #.#.##.#.##
##......## #.######........#
.........# #@....##.#########
.........## #@....##.####.....
........†.# #.....##........##
##......#.###.....##.........†
#......#..##.....###.........
#......##.##.....# #........#
#......##.##.##### ##.....#..
#......##..#.# #.###.### #......
##.#.# #.# ....


You could see Sigmund.

Vanquished Creatures
  An adder (D:2)
  A worm (D:2)
  2 dart slugs
  A ball python (D:1)
  An endoplasm (D:1)
  A giant cockroach (D:1)
  3 hobgoblins
  2 quokkas
  2 bats (D:2)
  3 frilled lizards (D:1)
  2 goblins (D:1)
  5 kobolds
  6 rats
30 creatures vanquished.

Notes
Turn   | Place    | Note
-------+----------+-------------------------------------------
     0 | D:1      | safid the Hill Orc Fighter began the quest for the Orb.
     0 | D:1      | Reached XP level 1. HP: 19/19 MP: 1/1
    69 | D:1      | Reached XP level 2. HP: 20/27 MP: 2/2
   570 | D:1      | Reached skill level 4 in Fighting
   935 | D:2      | Found a faded altar of an unknown god.
   971 | D:2      | Reached XP level 3. HP: 17/33 MP: 3/3
  1594 | D:2      | Noticed Sigmund
  1603 | D:2      | HP: 1/33 [poisoned by Sigmund]
  1603 | D:2      | Slain by Sigmund

Illustrated notes

Levels and vault maps discovered:
D:1:      evilmike_arrival_hilbert_curve, layout_basic
D:2:      layout_basic, basic_ecumenical_altar, uniq_sigmund

Skill      XL: |  1  2 |
---------------+-------+-----
Axes           | 3 |  3.5
Fighting       | 4 |  4.0
Armour         | |  3.8
Shields        | |  3.8

Action                   || total
-------------------------++-------
Melee: War axe           ||    96
  Use: Potion            ||     3
Armor: Scale mail        ||    44
Dodge: Dodged            ||    34
Block: Buckler           ||    14
